 Dungeon Crawl Stone Soup version 0.30-a0-782-ge64f9170bb (webtiles) character file.

Game seed: 4682172152980514012

10975 vineage the Fighter (level 11, -2/78 HPs)
             Began as a Gargoyle Fighter on Feb 26, 2023.
             Was a High Priest of Okawaru.
             Slain by Kuma's ghost (26 damage)
             ... on level 10 of the Dungeon.
             The game lasted 00:08:29 (11605 turns).

vineage the Fighter (Gargoyle Fighter)             Turns: 11605, Time: 00:08:29

Health: -2/78      AC: 26    Str: 24    XL:     11   Next: 70%
Magic:  14/14      EV:  6    Int: 12    God:    Okawaru [*****.]
Gold:   742        SH: 10    Dex:  9    Spells: 10/10 levels left

rFire   . . .      SeeInvis .    g - +2 morningstar (holy)
rCold   + . .      Faith    .    y - +0 kite shield
rNeg    + . .      Spirit   .    e - +0 plate armour
rPois   ∞          Reflect  .    (no helmet)
rElec   +          Harm     .    f - +0 cloak
rCorr   .          Rampage  .    q - +2 pair of gloves
Will    .....                    (no boots) Stlth
                                 j - amulet of Kuhe {Acrobat rC+ Int+3 Stlth-}
HPRegen 0.33/turn                s - +4 ring of slaying
MPRegen 0.14/turn                (no ring)

@: mighty
A: sickness immunity, AC +8, negative energy resistance 1, electricity
resistance, torment resistance 1, petrification resistance
a: Renounce Religion, Heroism, Finesse, Duel


You were on level 10 of the Dungeon.
You worshipped Okawaru.
Okawaru was extremely pleased with you.
You visited 2 branches of the dungeon, and saw 11 of its levels.

You collected 742 gold pieces.

Inventory:

Hand Weapons
 a - a +0 vampiric flail
 g - a +2 morningstar of holy wrath (weapon)
 n - a +1 flail of protection
Armour
 e - a +0 plate armour (worn)
 f - a +0 cloak (worn)
 q - a +2 pair of gloves (worn)
 y - a +0 kite shield (worn)
Jewellery
 b - a ring of ice
 c - a +6 ring of intelligence
 j - the amulet of Kuhe (around neck) {Acrobat rC+ Int+3 Stlth-}
   (You found it on level 2 of the Dungeon)

   [amulet of the acrobat]

   It increases your evasion while moving and waiting.
   Int:       It affects your intelligence (+3).
   rC:        It protects you from cold.
   Stlth:     It makes you less stealthy.
 s - a +4 ring of slaying (left hand)
 B - a +6 ring of dexterity
 G - a ring of fire
Wands
 o - a wand of paralysis (3)
 r - a wand of flame (53)
 t - a wand of quicksilver (26)
 u - a wand of mindburst (15)
 C - a wand of iceblast (14)
Scrolls
 i - 2 scrolls of amnesia
 v - a scroll of teleportation
 A - 3 scrolls of enchant weapon
 D - a scroll of magic mapping
 F - 2 scrolls of fear
Potions
 h - 6 potions of curing
 k - 2 potions of lignification
 l - 4 potions of flight
 m - 3 potions of brilliance
 p - 2 potions of attraction
 w - 3 potions of heal wounds
 x - a potion of mutation {unknown}
 z - a potion of invisibility {unknown}


   Skills:
 + Level 13.1 Fighting
 + Level 7.9 Maces & Flails
 + Level 9.0 Armour
 + Level 9.0 Shields
 - Level 5.1 Invocations


You had 10 spell levels left.
You didn't know any spells.
Your spell library contained the following spells:

 Spells                   Type           Power      Damage    Failure   Level
 Sting                    Tmut/Pois      0%         1d3       100%        1
 Blink                    Tloc           0%         N/A       100%        2
 Poisonous Vapours        Pois/Air       0%         N/A       100%        2
 Frozen Ramparts          Ice            0%         1d1       100%        3
 Ozocubu's Armour         Ice            0%         N/A       100%        3
 Manifold Assault         Tloc           0%         N/A       100%        4
 Olgreb's Toxic Radiance  Pois           0%         N/A       100%        4
 Borgnjor's Vile Clutch   Necr/Erth      0%         N/A       100%        5
 Freezing Cloud           Conj/Ice/Air   0%         6-21      100%        5
 Storm Form               Tmut/Air       0%         N/A       100%        7
 Polar Vortex             Ice            0%         N/A       100%        9
 Animate Dead             Necr           Unusable   N/A       N/A         4
 Summon Ice Beast         Ice/Summ       Unusable   N/A       N/A         4
 Death Channel            Necr           Unusable   N/A       N/A         6
 Simulacrum               Ice/Necr       Unusable   N/A       N/A         6

Dungeon Overview and Level Annotations

Branches:
Dungeon (10/15)            Temple (1/1) D:5             Orc (0/2) D:10
   Lair: D:8-11

Altars:
Ashenzari
Cheibriados
Dithmenos
Elyvilon
Fedhas
Gozag
Hepliaklqana
Kikubaaqudgha
Makhleb
Nemelex Xobeh
Okawaru
Qazlal
Ru
Sif Muna
Trog
Uskayaw
Vehumet
Wu Jian
Xom
Yredelemnul
Zin
The Shining One

Shops:
D:7 (

Annotations:
D:10 Grum; Kuma's ghost, journeyman MiBe


Innate Abilities, Weirdness & Mutations

You are immune to sickness and miasma.
Your stone body is resilient. (AC +8)
You are immune to poison.
You resist negative energy. (rN+)
You are resistant to electric shocks. (rElec)
You are resistant to unholy torment.
You are immune to petrification.


Message History

You are too injured to fight recklessly!
You are too injured to fight recklessly!
You are too injured to fight recklessly!
You are too injured to fight recklessly!
You are too injured to fight recklessly!
You are too injured to fight recklessly!
You are too injured to fight recklessly!
You barely miss Kuma's ghost. You block Kuma's ghost's attack.
You hit Kuma's ghost but do no damage.
You feel like a meek peon again. You block Kuma's ghost's attack.
You barely miss Kuma's ghost. Kuma's ghost hits you.
* * * LOW HITPOINT WARNING * * *
You barely miss Kuma's ghost.
Kuma's ghost screams, "Don't try to defend!
You have no chance!"
Kuma's ghost barely misses you.
You hit Kuma's ghost.
Kuma's ghost convulses.
Kuma's ghost is lightly damaged.
You block Kuma's ghost's attack.
You closely miss Kuma's ghost.
Kuma's ghost is lightly damaged.
Kuma's ghost shouts, "You must not fail where I succeeded!"
You block Kuma's ghost's attack.
Kuma's ghost screams, "You will never get the ORB!"
Kuma's ghost hits you.
* * * LOW HITPOINT WARNING * * *
You feel much better. Kuma's ghost hits you!
You puncture Kuma's ghost!
Kuma's ghost convulses!
Kuma's ghost is lightly damaged.
You block Kuma's ghost's attack.
You bludgeon Kuma's ghost!!
Kuma's ghost convulses!
Kuma's ghost is heavily damaged.
Kuma's ghost hits you!!
You miss Kuma's ghost.
Kuma's ghost is heavily damaged.
Kuma's ghost hits you but does no damage.
You bludgeon Kuma's ghost!!
Kuma's ghost convulses!!
Kuma's ghost is almost destroyed.
Kuma's ghost hits you!!
You die...

....###.##..[..##
#.........####. ###.#
#.##..#.## ##.......## ## ###.#
#.###...# ##.....## # ....# #.#
##..# ##...#.## # #####
#.####..# ##+#.#.## # #
###.....# #......## #
############.#####
###.......###
.#.....###.......#
#..#.....#...
...#.#.#...#.###@#
#...<.....###
..#...#.##.#.###W####........##
###.#.####.#...oTt........#.##
.....##.##......T.......##.##
.......###..............####
.##.##..##..###'''###...#
...##..###..#.......#.[.#
.#####.###..#.......#...#
.>...##.##..#..#.#..#...######


You could see a fire crab, 2 trolls, an orc warrior and Kuma's ghost.

Vanquished Creatures
  Erolcha (D:9)
  An ugly thing (D:10)
  Maurice (D:9)
  Joseph (D:9)
  Psyche (D:9)
  An unseen horror (D:10)
  3 trolls
  3 hornets
  Prince Ribbit (D:5)
  A shadow (D:10)
  Sigmund (D:5)
  2 wraiths (D:10)
  5 yaks (D:5)
  4 vampire mosquitoes (D:10)
  A steam dragon (D:7)
  3 acid dragons
  4 water moccasins
  4 orc warriors
  A sky beast (D:7)
  3 centaurs
  An ice beast (D:6)
  A wolf (D:10)
  4 phantoms
  7 kobold brigands
  2 bullfrogs
  A scorpion (D:6)
  25 wights
  2 troll zombies (D:10)
  4 killer bees
  3 howler monkeys
  3 hounds
  9 orc priests
  Crazy Yiuf (D:2)
  2 gnoll boudas
  Terence (D:2)
  2 iguanas
  12 orc wizards
  4 ogre zombies (D:10)
  A mummy (D:8)
  11 gnolls
  7 adders
  4 white imps
  An ufetubus (D:6)
  A worm (D:2)
  A dart slug (D:1)
  32 orcs
  4 ball pythons
  8 endoplasms
  10 goblins
  6 hobgoblins
  3 jackals (D:2)
  30 kobolds
  3 bats
  8 frilled lizards
  A goblin zombie (D:10)
  A hobgoblin skeleton (D:10)
  7 hobgoblin zombies
  2 kobold zombies (D:8)
  2 orc skeletons (D:10)
  10 orc zombies
  5 rats
284 creatures vanquished.

Vanquished Creatures (others)
  A kobold (D:8)
1 creature vanquished.

Grand Total: 285 creatures vanquished

Notes
Turn   | Place    | Note
-------+----------+-------------------------------------------
     0 | D:1      | vineage the Gargoyle Fighter began the quest for the Orb.
     0 | D:1      | Reached XP level 1. HP: 14/14 MP: 1/1
    67 | D:1      | Found a faded altar of an unknown god.
   195 | D:1      | Reached XP level 2. HP: 20/20 MP: 2/2
   245 | D:1      | Reached skill level 4 in Fighting
   678 | D:2      | Reached XP level 3. HP: 21/24 MP: 3/3
   784 | D:2      | Identified the amulet of Kuhe {Acrobat rC+ Int+3 Stlth-}
   927 | D:2      | Noticed Terence
   937 | D:2      | Killed Terence
   938 | D:2      | Reached skill level 5 in Fighting
   938 | D:2      | Reached XP level 4. HP: 15/31 MP: 4/4
  1275 | D:2      | Found a runed translucent door.
  1276 | D:2      | Noticed Crazy Yiuf
  1627 | D:2      | Killed Crazy Yiuf
  1628 | D:2      | Reached skill level 6 in Fighting
  1775 | D:3      | Found a white marble altar of Elyvilon.
  1911 | D:3      | Reached XP level 5. HP: 36/36 MP: 5/5
  3186 | D:5      | Entered Level 5 of the Dungeon
  3193 | D:5      | Reached skill level 7 in Fighting
  3202 | D:5      | Reached XP level 6. HP: 33/44 MP: 6/6
  3325 | D:5      | Found a staircase to the Ecumenical Temple.
  3355 | Temple   | Entered the Ecumenical Temple
  3543 | Temple   | Became a worshipper of Warmaster Okawaru
  3600 | Temple   | HP: 1/44 [orc priest/divine providence (14)]
  3602 | Temple   | Reached skill level 8 in Fighting
  4018 | D:5      | Reached XP level 7. HP: 46/50 MP: 7/7
  4143 | D:5      | Noticed Sigmund
  4147 | D:5      | Noticed Prince Ribbit
  4150 | D:5      | Killed Sigmund
  4150 | D:5      | Reached * piety under Okawaru
  4151 | D:5      | Reached skill level 9 in Fighting
  4163 | D:5      | Killed Prince Ribbit
  4164 | D:5      | Reached skill level 10 in Fighting
  4164 | D:5      | Reached XP level 8. HP: 30/57 MP: 8/8
  4506 | D:5      | Noticed a yak
  4506 | D:5      | Noticed a yak
  4509 | D:5      | Noticed a yak
  4524 | D:5      | Killed a yak
  4524 | D:5      | Noticed a yak
  4525 | D:5      | Reached skill level 1 in Invocations
  4526 | D:5      | Noticed a yak
  4529 | D:5      | Killed a yak
  4530 | D:5      | Killed a yak
  4530 | D:5      | Reached ** piety under Okawaru
  4536 | D:5      | Killed a yak
  4544 | D:5      | Killed a yak
  4618 | D:5      | Reached XP level 9. HP: 63/63 MP: 11/11
  5068 | D:6      | Reached skill level 5 in Armour
  5068 | D:6      | Reached skill level 5 in Shields
  5072 | D:6      | Reached skill level 11 in Fighting
  5405 | D:6      | Reached *** piety under Okawaru
  6048 | D:7      | Found Fuquw's Antique Weapon Shop.
  6450 | D:7      | Reached **** piety under Okawaru
  6451 | D:7      | Reached skill level 5 in Maces & Flails
  6451 | D:7      | Reached skill level 5 in Invocations
  6451 | D:7      | Reached XP level 10. HP: 70/70 MP: 13/13
  7096 | D:8      | Got the Grimoire of the Crevasse
  7258 | D:8      | Found a radiant altar of Vehumet.
  7258 | D:8      | Found a blossoming altar of Fedhas.
  7442 | D:8      | Received a gift from Okawaru
  7711 | D:9      | Noticed Psyche
  7716 | D:9      | Paralysed by something for 3 turns
  7723 | D:9      | Killed Psyche
  7774 | D:9      | Reached skill level 12 in Fighting
  8245 | D:9      | Reached ***** piety under Okawaru
  8842 | D:9      | Noticed Maurice
  8853 | D:9      | Killed Maurice
  8915 | D:9      | Reached XP level 11. HP: 53/76 MP: 14/14
  9068 | D:9      | Noticed Joseph
  9089 | D:9      | Killed Joseph
  9348 | D:9      | Noticed Erolcha
  9378 | D:9      | Killed Erolcha
  9565 | D:9      | Found a hazy altar of Hepliaklqana.
  9615 | D:10     | Entered Level 10 of the Dungeon
  9628 | D:10     | Found a runed translucent gate.
  9628 | D:10     | Found a runed translucent gate.
  9675 | D:10     | Found a staircase to the Orcish Mines.
  9964 | D:10     | Received a gift from Okawaru
 10378 | D:10     | Found a glowing golden altar of the Shining One.
 10380 | D:10     | Found an ornate altar of the Wu Jian Council.
 10777 | D:10     | Noticed Grum
 11000 | D:10     | Noticed a fire crab
 11001 | D:10     | Found a runed translucent gate.
 11002 | D:10     | Noticed a green ugly thing
 11003 | D:10     | Noticed Kuma's ghost (journeyman MiBe)
 11029 | D:10     | Reached skill level 13 in Fighting
 11592 | D:10     | Killed a green ugly thing
 11605 | D:10     | Slain by Kuma's ghost

Illustrated notes

Levels and vault maps discovered:
D:1:      scummos_arrival_hexagon, layout_loops_ring,
          hellmonk_ecumenical_altar_lost_god, st_stairs_2
D:2:      layout_basic, kennysheep_doodads, uniq_terence,
          uniq_crazy_yiuf_cottage
D:3:      layout_loops_ring, mainiacjoe_overflow_chevrons
D:4:      layout_loops_corners
D:5:      layout_cave_pods, minmay_temple_entry_sparse_star,
          uniq_prince_ribbit1, uniq_sigmund
D:6:      layout_loops_ring
D:7:      layout_loops_ring, serial_shops, nicolae_shop_stone, chequers_avenue
D:8:      layout_basic, gammafunk_temple_overflow_statue, minmay_mini_ossuary
D:9:      layout_basic, nzn_hepliaklqana_mist_gate, grunt_decor_one_mirror,
          uniq_joseph, uniq_maurice, uniq_erolcha, uniq_psyche
D:10:     layout_loops_corners, jmf_multi_god_temple, zombieorc1_lemuel,
          gammafunk_ghost_split, grunt_ministairs_11, uniq_grum
Temple:   nicolae_temple_slightly_damp_pantheon

Skill      XL: |  1  2  3  4  5  6  7  8  9 10 11 |
---------------+----------------------------------+-----
Fighting       | 4 5 6 7 8 10 11 12 13 | 13.1
Invocations    | 2 5 |  5.1
Armour         | 4 6 7 9 |  9.0
Shields        | 4 6 7 9 |  9.0
Maces & Flails | 3 5 6 7 |  7.9

Action                     |  1- 3 |  4- 6 |  7- 9 | 10-12 || total
---------------------------+-------+-------+-------+-------++-------
  Melee: Flail             |   122 |   128 |       |       ||   250
         Morningstar       |       |    38 |   245 |   448 ||   731
 Invoke: Heroism           |       |       |     1 |     4 ||     5
    Use: Scroll            |       |     9 |     3 |     6 ||    18
         Potion            |       |       |     2 |     3 ||     5
 Armour: Scale mail        |    19 |       |       |       ||    19
         Plate armour      |    72 |   155 |   206 |   326 ||   759
  Dodge: Dodged            |    41 |    62 |    87 |   145 ||   335
  Block: Buckler           |    27 |    34 |    26 |       ||    87
         Kite shield       |       |       |    73 |   263 ||   336

Table legend: (Time is in decaauts)
 A = Elapsed time spent in this place.
 B = Non-inter-level travel time spent in this place.
 C = Inter-level travel time spent in this place.
 D = Time resting spent in this place.
 E = Time spent auto-exploring this place.
 F = Levels seen in this place.
 G = Mean time per level.
                   A        B        C        D        E       F      G
               +--------+--------+--------+--------+--------+-----+--------+
         Total |  11928 |  11598 |    330 |   1925 |   7581 |  11 | 1084.4 |
       Dungeon |  11375 |  11117 |    258 |   1651 |   7420 |  10 | 1137.5 |
        Temple |    553 |    481 |     72 |    274 |    161 |   1 |  553.0 |
               +--------+--------+--------+--------+--------+-----+--------+

Top non-repeatable levels by time:
    D:10: 2049 daAuts
     D:9: 1930 daAuts
     D:5: 1270 daAuts
     D:2: 1023 daAuts
     D:6: 1003 daAuts
     D:8: 939 daAuts
     D:7: 919 daAuts
     D:4: 776 daAuts
     D:3: 773 daAuts
     D:1: 690 daAuts
  Temple: 553 daAuts
